 Dungeon Crawl Stone Soup version 0.20-a0-1117-g62da73f (webtiles) character file.

80 grindst0ne the Skirmisher (level 4, -7/37 HPs)
             Began as a Demonspawn Berserker on May 9, 2017.
             Was a Believer of Trog.
             Killed from afar by Sigmund (10 damage)
             ... with a puff of flame
             ... on level 2 of the Dungeon.
             The game lasted 00:04:19 (1607 turns).

grindst0ne the Skirmisher (Demonspawn Berserker)    Turns: 1607, Time: 00:04:20

Health: -7/37      AC:  8    Str: 18    XL:     4   Next: 18%
Magic:  4/4        EV:  8    Int:  8    God:    Trog [**....]
Gold:   91         SH:  0    Dex: 13    Spells: 3/3 levels left

rFire    . . .     SeeInvis .   a - +0 hand axe
rCold    . . .     Gourm    .   (no shield)
rNeg     . . .     Faith    .   r - +0 chain mail
rPois    .         Spirit   .   (no helmet)
rElec    .         Reflect  .   (no cloak)
rCorr    .         Harm     .   (no gloves)
MR       .....                  (no boots)
Stlth    ..........             (no amulet)
Regen    0.2/turn               (no ring)
MPRegen  0.1/turn               (no ring)

@: confused, slowed, very slow
A: claws 1, sturdy frame 1
a: Berserk, Trog's Hand, Burn Spellbooks, Renounce Religion


You were on level 2 of the Dungeon.
You worshipped Trog.
Trog was pleased with you.
You were near starving.

You visited 1 branch of the dungeon, and saw 2 of its levels.

You collected 91 gold pieces.

Inventory:

Hand Weapons
 a - a +0 hand axe (weapon)
Armour
 b - a +0 animal skin
 n - a +0 plate armour
 o - a +0 ring mail of fire resistance
 r - a +0 chain mail (worn)
Scrolls
 e - 2 scrolls of identify {unknown}
 f - a scroll of recharging {unknown}
 g - a scroll of remove curse {unknown}
 h - a scroll of amnesia {unknown}
 j - 2 scrolls of teleportation {unknown}
 q - a scroll of blinking {unknown}
Potions
 k - a potion of might {unknown}
 l - a potion of degeneration {unknown}
 m - a potion of resistance {unknown}
 p - a potion of brilliance {unknown}
 s - a potion of lignification {unknown}
Comestibles
 c - 4 bread rations
 i - 3 fruits


   Skills:
 + Level 4.1 Fighting
 + Level 3.7 Axes
 - Level 1.7 Armour
 - Level 1.7 Dodging


You had 3 spell levels left.
You didn't know any spells.

Dungeon Overview and Level Annotations

Branches:
Dungeon (2/15)

Altars:
Fedhas

Annotations:
D:2 Sigmund


Innate Abilities, Weirdness & Mutations

You have sharp fingernails.
Your movements are slightly less encumbered by armour. (ER -2)


Message History

You feel a strong urge to attack something.
You are no longer berserk.
You pass out from exhaustion.
You feel yourself slow down.
A magic dart appears from out of thin air!
The magic dart hits you!
* * * LOW HITPOINT WARNING * * *
You can move again.
Something hits you.
* * * LOW HITPOINT WARNING * * *
Something hits you.
* * * LOW HITPOINT WARNING * * *
You hear some strange, mumbled words.
You are confused.
Things that are here:
a whip; a club Something hits you but does no damage.
A puff of flame appears from out of thin air!
The puff of flame hits you!
You die...

.......##..#.##############
...........#...#..........#
..........................#
.........#####.#<)........#
........## #.#..........#
........######.#..#########
................)##
................##
................@#
...............#.##
.....)#........#..##
.####....).....##..## ##
#...........###).# #
#...........# ##.#
####...........# #.#
.#.............##..........
.((............##..........


There were no monsters in sight!

Vanquished Creatures
  3 adders (D:2)
  2 dart slugs (D:1)
  A leopard gecko (D:1)
  3 giant cockroaches
  7 goblins
  8 hobgoblins
  5 jackals (D:2)
  4 kobolds
  3 quokkas (D:2)
  5 bats
  2 frilled lizards
  A rat (D:2)
44 creatures vanquished.

Notes
Turn   | Place    | Note
-------+----------+-------------------------------------------
     0 | D:1      | grindst0ne the Demonspawn Berserker began the quest for the Orb.
     0 | D:1      | Reached XP level 1. HP: 18/18 MP: 1/1
   211 | D:1      | Gained mutation: You have sharp fingernails. [demonic ancestry]
   211 | D:1      | Reached XP level 2. HP: 23/24 MP: 2/2
   860 | D:2      | Gained mutation: Your movements are slightly less encumbered by armour. (ER -2) [demonic ancestry]
   860 | D:2      | Reached XP level 3. HP: 29/29 MP: 3/3
   914 | D:2      | Reached ** piety under Trog
  1100 | D:2      | Reached skill level 4 in Fighting
  1100 | D:2      | Reached XP level 4. HP: 37/37 MP: 4/4
  1360 | D:2      | Found a blossoming altar of Fedhas.
  1436 | D:2      | Noticed Sigmund
  1607 | D:2      | Killed from afar by Sigmund

Vault maps used:
D:1:      dpeg_arrival_rhombi
D:2:      elyvilon_altar_3, marbit_many_paths, uniq_sigmund

Skill      XL: |  1  2  3 |
---------------+----------+-----
Axes           | 3 |  3.7
Fighting       | 4 |  4.1
Armour         | |  1.7
Dodging        | |  1.7

Action                   |  1- 3 |  4- 6 || total
-------------------------+-------+-------++-------
Melee: Hand axe          |   103 |    36 ||   139
Invok: Berserk           |     4 |     1 ||     5
  Eat: Chunk             |     3 |     2 ||     5
Armor: Animal skin       |    17 |       ||    17
       Ring mail         |     1 |       ||     1
       Chain mail        |    23 |    26 ||    49
Dodge: Dodged            |    66 |    18 ||    84
